 Dungeon Crawl Stone Soup version 0.31-a0-150-g89dc3ad700 (webtiles) character file.

Game seed: 3255729255851957064

52402 qw the Marksgargoyle (level 14, 0/98 HPs)
             Began as a Gargoyle Hunter on June 8, 2023.
             Was a High Priest of Okawaru.
             Slain by a death yak (14 damage)
             ... on level 5 of the Lair of Beasts.
             The game lasted 00:08:21 (15591 turns).

qw the Marksgargoyle (Gargoyle Hunter)             Turns: 15591, Time: 00:08:21

Health: 0/98       AC: 29    Str: 15    XL:     14   Next: 63%
Magic:  21/21      EV: 23    Int: 11    God:    Okawaru [*****.]
Gold:   620        SH:  0    Dex: 17    Spells: 13/13 levels left

rFire   + . .        Y - +3 orcbow (chaos)
rCold   . . .        (shield currently unavailable)
rNeg    + . .        d - +0 acid dragon scales
rPois   inf          p - +2 helmet
rElec   +            k - +0 cloak
rCorr   +            (no gloves)
SInv    .            c - +2 pair of boots {Stlth+}
Will    +....        l - amulet of regeneration
Stlth   ++++         n - ring of protection from fire
HPRegen 1.16/turn    r - +5 ring of evasion
MPRegen 0.17/turn

%: no passive effects
@: heroic, flying
A: sickness immunity, AC +10, big wings, negative energy resistance 1,
electricity resistance, torment resistance 1, petrification resistance
a: Renounce Religion, Heroism, Finesse, Duel


You were on level 5 of the Lair of Beasts.
You worshipped Okawaru.
Okawaru was extremely pleased with you.
You visited 3 branches of the dungeon, and saw 17 of its levels.
You also visited: Sewer.

You collected 952 gold pieces.
You spent 332 gold pieces at shops.


Innate Abilities, Weirdness & Mutations

You are immune to sickness and miasma.
Your stone body is resilient. (AC +10)
You are immune to poison.
Your large and strong wings let you fly.
You resist negative energy. (rN+)
You are resistant to electric shocks. (rElec)
You are resistant to unholy torment.
You are immune to petrification.


   Skills:
 - Level 15.0(20.0) Fighting
 - Level 16.0(21.0) Ranged Weapons
 - Level 9.0(14.0) Armour
 + Level 7.1(12.1) Dodging
 - Level 1.1(6.1) Stealth
 - Level 10.0 Invocations


You had 13 spell levels left.
You didn't know any spells.
Your spell library was empty.

Inventory:

Hand Weapons
 Y - a +3 orcbow of chaos (weapon)
Armour
 c - a +2 pair of boots of stealth (worn)
 d - +0 acid dragon scales (worn)
 e - a +0 ring mail of fire resistance
 j - +0 steam dragon scales
 k - a +0 cloak (worn)
 p - a +2 helmet (worn)
Jewellery
 l - an amulet of regeneration (around neck)
 n - a ring of protection from fire (left hand)
 o - a ring of fire
 r - a +5 ring of evasion (right hand)
 w - a +6 ring of strength
Scrolls
 a - 5 scrolls of identify
Potions
 b - 3 potions of curing
 g - 2 potions of haste
 h - 3 potions of might
 q - a potion of mutation
 s - a potion of magic
 t - a potion of cancellation
 u - 2 potions of resistance

Dungeon Overview and Level Annotations

Branches:
Dungeon (11/15)            Temple (1/1) D:4            Lair (5/5) D:11
 Shoals (0/4) Lair:2       Spider (0/4) Lair:2          Orc (0/2) D:11
  Sewer (visited)
  Slime: Lair:4-5

Altars:
Ashenzari
Cheibriados
Dithmenos
Elyvilon
Fedhas
Gozag
Hepliaklqana
Kikubaaqudgha
Makhleb
Nemelex Xobeh
Okawaru
Qazlal
Ru
Sif Muna
Trog
Uskayaw
Vehumet
Wu Jian
Xom
Yredelemnul
Zin
The Shining One

Shops:
D:5 ?   D:10 *

Portals:
Abyss: D:6

Annotations:
D:6 2 transporters, qw's ghost, novice GrFi


Message History

You shoot an arrow. The arrow hits the death yak!
The death yak looks as sick as possible!
The death yak is heavily wounded.
The cane toad stings you but does no damage.
The death yak completely misses you. The death yak barely misses you.
The yak misses you.
The death yak gores you but does no damage.
You shoot an arrow. The arrow barely misses the death yak.
The cane toad misses you.
You shoot an arrow. The arrow hits the death yak.
The arrow burns the death yak.
The death yak is heavily wounded.
The cane toad closely misses you. The death yak misses you. x3
You shoot an arrow. The arrow hits the death yak!!
The arrow freezes the death yak!
The death yak is almost dead.
The cane toad stings you but does no damage.
The death yak completely misses you. The death yak closely misses you.
The death yak misses you.
You shoot an arrow. The arrow hits the death yak.
The arrow burns the death yak.
You kill the death yak!
Okawaru is honoured by your kill. The cane toad misses you.
You shoot an arrow. The arrow barely misses the cane toad.
The death yak completely misses you.
The death yak gores you but does no damage.
The yak misses you. The cane toad closely misses you.
You shoot an arrow. The arrow hits the cane toad.
Lightning courses through the cane toad!!
The cane toad is heavily wounded.
The basilisk bites you but does no damage.
The death yak barely misses you. The yak gores you but does no damage.
The death yak misses you.
You shoot an arrow. The arrow hits the cane toad!
You kill the cane toad!
Okawaru accepts your kill.
You can now enter into single combat with a foe.
Okawaru will now gift you equipment as you gain piety.
The basilisk gazes at you.
You are unaffected.
The death yak gores you!
You die...

## 7.. # ##.
###########77..
.#.#P.####.#.#.P#.#.....
...............<.......7
.....................777
.................^.7
...#.##.#............7
#....#%.......[.....7
...#@YY............7
#....lYY.............7
##...P...............7
##...##.............
##.###.............
#..#..............77
.....Y.............7
............YY.......
.......Yl..........


You could see 2 death yaks, 2 yaks and a basilisk.

Vanquished Creatures
  Erolcha (D:9)
  2 hydras
  A centaur warrior (D:11)
  A catoblepas (Lair:4)
  10 death yaks
  A two-headed ogre (D:11)
  Sonja (D:10)
  A skyshark (Lair:3)
  A fire crab (Lair:4)
  Pikel (D:5)
  A deep elf pyromancer (D:9)
  A cyclops (D:10)
  Maurice (D:10)
  16 elephants
  4 black mambas
  A smoke demon (Lair:5)
  6 rime drakes
  A torpor snail (Lair:1)
  12 cane toads
  2 gargoyles (D:10)
  3 komodo dragons
  A freezing wraith (D:11)
  A troll (D:11)
  A meliai (Lair:2)
  5 polar bears
  Grinder (D:3)
  A snapping turtle (Lair:2)
  15 dream sheep
  25 blink frogs
  A vampire (D:11)
  3 shadows (D:11)
  2 wraiths (D:11)
  51 yaks
  A wyvern (Lair:4)
  4 basilisks
  Eustachio (D:5)
  A golden eye (shapeshifter) (Lair:4)
  2 steam dragons
  Menkaure (D:6)
  Edmund (D:5)
  2 wargs (D:11)
  2 acid dragons
  Duvessa (D:6)
  15 water moccasins
  2 orc warriors
  2 black bears
  A sky beast (D:8)
  An ice beast (D:7)
  12 wolves (Lair:1)
  2 ogres
  6 centaurs
  4 phantoms
  5 kobold brigands
  5 bullfrogs
  3 scorpions
  7 wights
  Dowan (D:6)
  3 troll zombies (D:11)
  8 killer bees
  3 howler monkeys (D:8)
  A small abomination (Lair:5)
  2 vampire bats (D:5)
  An electric eel (Lair:2)
  A jelly (D:4)
  3 hounds
  3 orc priests
  2 sleepcaps
  Jessica (D:2)
  An iguana (D:5)
  Ijyb (D:3)
  11 orc wizards
  5 ogre zombies (D:11)
  3 gnolls (D:3)
  11 adders
  3 river rats (Sewer)
  2 ufetubi
  6 worms
  A dart slug (D:3)
  9 orcs
  9 ball pythons
  6 bats
  4 bat zombies (D:5)
  9 endoplasms
  4 giant cockroaches
  13 goblins
  5 hobgoblins
  9 jackals
  3 quokkas
  7 frilled lizards
  A goblin skeleton (D:11)
  2 goblin zombies (D:11)
  5 hobgoblin zombies (D:11)
  25 kobolds
  7 orc skeletons (D:11)
  10 orc zombies (D:11)
  7 rats
464 creatures vanquished.

Notes
Turn   | Place    | Note
-------+----------+-------------------------------------------
     0 | D:1      | qw the Gargoyle Hunter began the quest for the Orb.
     0 | D:1      | Reached XP level 1. HP: 12/12 MP: 1/1
     0 | D:1      | 0 ||| qw: Version: 0.2-a-119-g7aa9181
     0 | D:1      | 0 ||| qw: Game counter: 2848
     0 | D:1      | 0 ||| qw: Always use a shield: true
     0 | D:1      | 0 ||| qw: God list: Okawaru
     0 | D:1      | 0 ||| qw: Allow faded altars: false
     0 | D:1      | 0 ||| qw: Do Orc after D:15 true
     0 | D:1      | 0 ||| qw: Do second Lair branch before Depths: true
     0 | D:1      | 0 ||| qw: Lair rune preference: random
     0 | D:1      | 0 ||| qw: Plans: Normal
     0 | D:1      | 0 ||| PLANNING D:1-11
   224 | D:1      | Reached XP level 2. HP: 17/17 MP: 2/2
   552 | D:1      | 552 ||| READING 3 scrolls labelled BIWKUA EHIOLOO.
   553 | D:1      | 553 ||| READING scroll labelled HIUJOIS IHIAF.
   554 | D:1      | 554 ||| READING scroll labelled SEROL HETZ.
   555 | D:1      | 555 ||| READING scroll labelled VUS BEICSI.
   560 | D:1      | 560 ||| READING 2 scrolls of identify.
   560 | D:1      | 560 ||| IDENTIFYING metallic white potion
   561 | D:1      | 561 ||| DROPPING scroll of butterflies.
   562 | D:1      | 562 ||| DROPPING potion of ambrosia.
   723 | D:2      | Reached XP level 3. HP: 21/21 MP: 3/3
   727 | D:2      | Reached skill level 5 in Ranged Weapons
  1153 | D:2      | Reached skill level 3 in Fighting
  1248 | D:2      | Noticed Jessica
  1252 | D:2      | Killed Jessica
  1253 | D:2      | Reached XP level 4. HP: 28/28 MP: 4/4
  1260 | D:2      | 1260 ||| READING 3 scrolls labelled SAVI BA ZECWAM.
  1261 | D:2      | 1261 ||| READING scroll labelled QAAPPI YSHYMU.
  1261 | D:2      | Identified a scroll of acquirement
  1261 | D:2      | 1261 ||| ACQUIRING +1 shortbow of freezing
  1261 | D:2      | Acquired a +1 shortbow of freezing
  1263 | D:2      | 1263 ||| SWAPPING to +1 shortbow of freezing.
  1264 | D:2      | 1264 ||| DROPPING +0 shortbow.
  1265 | D:2      | 1265 ||| READING 2 scrolls labelled KACZUE YWNAOBA.
  1266 | D:2      | 1266 ||| DROPPING 2 scrolls of blinking.
  1358 | D:3      | Noticed an ogre
  1364 | D:3      | Killed an ogre
  1365 | D:3      | Reached skill level 6 in Ranged Weapons
  1365 | D:3      | Reached XP level 5. HP: 32/32 MP: 5/5
  1501 | D:3      | Noticed Grinder
  1532 | D:3      | Killed Grinder
  1533 | D:3      | Reached XP level 6. HP: 40/40 MP: 6/6
  1595 | D:3      | Reached XP level 7. HP: 41/44 MP: 7/7
  1769 | D:3      | Identified the +2 leather armour of Hide-and-Seek {-Tele
                  | Fly rPois}
  1875 | D:3      | Found a glowing golden altar of the Shining One.
  1942 | D:3      | 1942 ||| READING scroll labelled GIERHI HIETT.
  1943 | D:3      | 1943 ||| DRINKING 3 emerald potions.
  1944 | D:3      | 1944 ||| READING 4 scrolls of identify.
  1944 | D:3      | 1944 ||| IDENTIFYING lumpy silvery potion
  1945 | D:3      | 1945 ||| READING 3 scrolls of identify.
  1945 | D:3      | 1945 ||| IDENTIFYING cyan potion
  1946 | D:3      | 1946 ||| READING 2 scrolls of identify.
  1946 | D:3      | 1946 ||| IDENTIFYING blue potion
  1947 | D:3      | 1947 ||| DROPPING potion of degeneration.
  1948 | D:3      | 1948 ||| DROPPING 2 potions of magic.
  1961 | D:4      | Noticed Ijyb
  1968 | D:4      | 1968 ||| STAIRDANCE
  1979 | D:3      | HP: 9/44 [Ijyb/+1 dagger of freezing (6)]
  1980 | D:3      | Killed Ijyb
  2119 | D:3      | 2119 ||| UPGRADING to +0 ring mail.
  2129 | D:3      | 2129 ||| DROPPING +0 leather armour.
  2247 | D:4      | Found a hazy altar of Hepliaklqana.
  2285 | D:4      | Found a shadowy altar of Dithmenos.
  2294 | D:4      | Reached skill level 7 in Ranged Weapons
  2664 | D:4      | Found a staircase to the Ecumenical Temple.
  2665 | D:4      | 2665 ||| PLANNING TEMPLE
  2665 | D:4      | 2665 ||| DROPPING ring of flight.
  2666 | D:4      | 2666 ||| READING scroll labelled HUECAHE ALUBIPH.
  2667 | D:4      | 2667 ||| DRINKING 2 smoky ruby potions.
  2679 | Temple   | Entered the Ecumenical Temple
  2730 | Temple   | 2730 ||| PLANNING D:1-11
  2833 | D:4      | Found a burning altar of Makhleb.
  2837 | D:4      | Reached skill level 8 in Ranged Weapons
  3022 | D:5      | Entered Level 5 of the Dungeon
  3025 | D:5      | Reached XP level 8. HP: 50/50 MP: 8/8
  3095 | D:5      | Found Pekhiq's Magic Scroll Shop.
  3100 | D:5      | 3100 ||| BUYING scroll of brand weapon (142 gold).
  3100 | D:5      | Bought a scroll of brand weapon for 142 gold pieces
  3100 | D:5      | 3100 ||| BUYING scroll of teleportation (45 gold).
  3100 | D:5      | Bought a scroll of teleportation for 45 gold pieces
  3100 | D:5      | 3100 ||| READING scroll of brand weapon.
  3100 | D:5      | 3100 ||| BRANDING +1 shortbow of freezing.
  3207 | D:5      | Noticed Pikel
  3218 | D:5      | Killed Pikel
  3219 | D:5      | Reached skill level 10 in Ranged Weapons
  3273 | D:5      | Noticed Eustachio
  3303 | D:5      | Killed Eustachio
  3304 | D:5      | Reached skill level 6 in Fighting
  3304 | D:5      | Reached XP level 9. HP: 38/56 MP: 9/9
  3565 | D:5      | Noticed Edmund
  3589 | D:5      | Killed Edmund
  3714 | D:5      | Found an ancient bone altar of Kikubaaqudgha.
  3777 | D:5      | Found a white marble altar of Elyvilon.
  3830 | D:6      | 3830 ||| PLANNING SEWER
  3862 | D:6      | Found a glowing drain.
  3878 | Sewer    | Entered a sewer
  3913 | Sewer    | 3913 ||| READING scroll of acquirement.
  3913 | Sewer    | 3913 ||| ACQUIRING +1 pair of boots of stealth
  3913 | Sewer    | Acquired a +1 pair of boots of stealth
  3915 | Sewer    | 3915 ||| UPGRADING to +1 pair of boots of stealth.
  3920 | Sewer    | 3920 ||| READING 3 scrolls of enchant armour.
  3920 | Sewer    | 3920 ||| ENCHANTING +1 pair of boots of stealth.
  4035 | Sewer    | 4035 ||| Stepping ~*~*~tactically~*~*~ (water).
  4057 | Sewer    | 4057 ||| Stepping ~*~*~tactically~*~*~ (water).
  4111 | Sewer    | 4111 ||| Stepping ~*~*~tactically~*~*~ (water).
  4177 | Sewer    | 4177 ||| Stepping ~*~*~tactically~*~*~ (water).
  4231 | Sewer    | 4231 ||| Stepping ~*~*~tactically~*~*~ (water).
  4266 | Sewer    | 4266 ||| Stepping ~*~*~tactically~*~*~ (water).
  4284 | Sewer    | 4284 ||| Stepping ~*~*~tactically~*~*~ (water).
  4350 | Sewer    | 4350 ||| Stepping ~*~*~tactically~*~*~ (water).
  4383 | D:6      | 4383 ||| PLANNING D:1-11
  4430 | D:6      | Found a transporter.
  4446 | D:6      | Found a transporter.
  4475 | D:6      | Noticed Dowan
  4476 | D:6      | Noticed Duvessa
  4480 | D:6      | Killed Dowan
  4497 | D:6      | Killed Duvessa
  4573 | D:6      | Noticed a red ugly thing
  4604 | D:6      | Noticed qw's ghost (novice GrFi)
  4635 | D:6      | Found a one-way gate to the infinite horrors of the Abyss.
  4674 | D:6      | Reached skill level 11 in Ranged Weapons
  4791 | D:6      | Reached skill level 3 in Dodging
  4874 | D:6      | Noticed Menkaure
  4883 | D:6      | Killed Menkaure
  4884 | D:6      | Reached skill level 3 in Armour
  4946 | D:6      | 4946 ||| UPGRADING to +0 helmet.
  4951 | D:6      | 4951 ||| READING 2 scrolls of enchant armour.
  4951 | D:6      | 4951 ||| ENCHANTING +0 helmet.
  4952 | D:6      | 4952 ||| READING scroll of enchant armour.
  4952 | D:6      | 4952 ||| ENCHANTING +1 helmet.
  4953 | D:6      | 4953 ||| READING scroll labelled SEUPUN LYFEPN.
  5120 | D:5      | 5120 ||| DRINKING 2 brown potions.
  5121 | D:5      | 5121 ||| DROPPING potion of attraction.
  5352 | D:7      | 5352 ||| READING scroll of enchant weapon.
  5352 | D:7      | 5352 ||| ENCHANTING +2 shortbow of draining.
  5443 | D:7      | 5443 ||| SWAPPING to +2 orcbow of electrocution.
  5444 | D:7      | 5444 ||| DROPPING +3 shortbow of draining.
  5577 | D:7      | 5577 ||| FLEEEEING.
  5578 | D:7      | 5578 ||| FLEEEEING.
  5579 | D:7      | 5579 ||| FLEEEEING.
  5580 | D:7      | 5580 ||| FLEEEEING.
  5581 | D:7      | 5581 ||| FLEEEEING.
  5582 | D:7      | 5582 ||| FLEEEEING.
  5589 | D:7      | 5589 ||| STAIRDANCE
  5657 | D:6      | 5657 ||| DROPPING scarf of harm.
  5658 | D:6      | 5658 ||| UPGRADING to ring of protection from fire.
  5659 | D:6      | 5659 ||| DRINKING 3 fizzy golden potions.
  5660 | D:6      | 5660 ||| READING 2 scrolls of identify.
  5660 | D:6      | 5660 ||| IDENTIFYING yellow potion
  5661 | D:6      | 5661 ||| DROPPING 2 potions of enlightenment.
  5667 | D:7      | Reached XP level 10. HP: 64/64 MP: 10/10
  5685 | D:7      | Found a flagged portal.
  5757 | D:7      | 5757 ||| Stepping ~*~*~tactically~*~*~ (outnumbered).
  5759 | D:7      | 5759 ||| Stepping ~*~*~tactically~*~*~ (outnumbered).
  5761 | D:7      | 5761 ||| Stepping ~*~*~tactically~*~*~ (outnumbered).
  5763 | D:7      | 5763 ||| Stepping ~*~*~tactically~*~*~ (outnumbered).
  5770 | D:7      | Reached skill level 12 in Ranged Weapons
  5802 | D:7      | 5802 ||| Stepping ~*~*~tactically~*~*~ (outnumbered).
  5804 | D:7      | 5804 ||| Stepping ~*~*~tactically~*~*~ (outnumbered).
  6105 | D:7      | 6105 ||| UPGRADING to +0 acid dragon scales.
  6115 | D:7      | 6115 ||| DROPPING +0 ring mail.
  6116 | D:7      | 6116 ||| READING scroll labelled OZAT RIOZUIR.
  6117 | D:7      | 6117 ||| READING scroll labelled VIFAWE YVAACU.
  6118 | D:7      | 6118 ||| READING 3 scrolls of identify.
  6118 | D:7      | 6118 ||| IDENTIFYING red potion
  6185 | D:8      | Identified the +3 quarterstaff "Ozxyekk" {vamp, Drain rElec
                  | rPois}
  6246 | D:8      | Identified the +4 short sword of Quantum Leap {drain, rC++
                  | Int+3 Dex+2}
  6300 | D:8      | Found an iron altar of Okawaru.
  6301 | D:8      | 6301 ||| PLANNING OKAWARU WORSHIP
  6310 | D:8      | Became a worshipper of Warmaster Okawaru
  6310 | D:8      | 6310 ||| PLANNING D:1-11
  6758 | D:9      | 6758 ||| Stepping ~*~*~tactically~*~*~ (outnumbered).
  6878 | D:9      | Found a radiant altar of Vehumet.
  6878 | D:9      | Noticed Erolcha
  6893 | D:9      | Killed Erolcha
  6893 | D:9      | Reached * piety under Okawaru
  6894 | D:9      | Reached skill level 13 in Ranged Weapons
  7012 | D:9      | 7012 ||| Stepping ~*~*~tactically~*~*~ (outnumbered).
  7014 | D:9      | 7014 ||| Stepping ~*~*~tactically~*~*~ (outnumbered).
  7196 | D:9      | Reached skill level 1 in Invocations
  7240 | D:9      | Noticed a deep elf pyromancer
  7246 | D:9      | Killed a deep elf pyromancer
  7268 | D:9      | 7268 ||| Stepping ~*~*~tactically~*~*~ (outnumbered).
  7270 | D:9      | 7270 ||| Stepping ~*~*~tactically~*~*~ (outnumbered).
  7278 | D:9      | Reached skill level 3 in Invocations
  7314 | D:9      | Reached ** piety under Okawaru
  7318 | D:9      | 7318 ||| INVOKING Heroism.
  7322 | D:9      | Reached skill level 9 in Fighting
  7328 | D:9      | HP: 14/66 [yak (11)]
  7329 | D:9      | 7329 ||| READING 6 scrolls of teleportation.
  7330 | D:9      | 7330 ||| DRINKING 4 potions of heal wounds.
  7493 | D:9      | Reached XP level 11. HP: 67/71 MP: 12/14
  7533 | D:9      | Found a glowing silver altar of Zin.
  7662 | D:9      | Found a basalt altar of Yredelemnul.
  7676 | D:9      | 7676 ||| UPGRADING to amulet of the acrobat.
  7681 | D:9      | 7681 ||| READING 3 scrolls of identify.
  7681 | D:9      | 7681 ||| IDENTIFYING pink potion
  7731 | D:10     | Entered Level 10 of the Dungeon
  7750 | D:10     | 7750 ||| INVOKING Heroism.
  7894 | D:10     | Found Hepu's Assorted Antiques.
  7903 | D:10     | 7903 ||| BUYING large pearl ring (145 gold).
  7903 | D:10     | Bought a large pearl ring for 145 gold pieces
  7903 | D:10     | 7903 ||| SHOPLISTING potion of haste (290 gold, have 224).
  8070 | D:10     | Noticed Sonja
  8074 | D:10     | Killed Sonja
  8091 | D:10     | Noticed Maurice
  8099 | D:10     | 8099 ||| DRINKING potion of cancellation.
  8110 | D:10     | Killed Maurice
  8377 | D:10     | Reached *** piety under Okawaru
  8589 | D:10     | Reached skill level 14 in Ranged Weapons
  8600 | D:10     | Noticed a cyclops
  8600 | D:10     | 8600 ||| INVOKING Heroism.
  8605 | D:10     | Killed a cyclops
  8711 | D:10     | You fall into a shaft and drop 1 floor!
  8726 | D:11     | 8726 ||| UPGRADING to +0 cloak.
  8731 | D:11     | 8731 ||| UPGRADING to +5 ring of evasion.
  8894 | D:10     | 8894 ||| READING scroll labelled ECHEHE IFUMOXT.
  8961 | D:11     | 8961 ||| INVOKING Heroism.
  8983 | D:11     | Found a staircase to the Lair.
  9045 | D:11     | Reached **** piety under Okawaru
  9088 | D:11     | Noticed a two-headed ogre
  9089 | D:11     | 9089 ||| INVOKING Heroism.
  9098 | D:11     | Reached skill level 6 in Armour
  9104 | D:11     | Killed a two-headed ogre
  9275 | D:11     | 9275 ||| INVOKING Heroism.
  9379 | D:11     | 9379 ||| INVOKING Heroism.
  9384 | D:11     | Reached skill level 6 in Invocations
  9384 | D:11     | Reached XP level 12. HP: 49/77 MP: 13/16
  9474 | D:11     | Found a staircase to the Orcish Mines.
  9591 | D:11     | Noticed a centaur warrior
  9598 | D:11     | Killed a centaur warrior
  9772 | D:11     | Reached ***** piety under Okawaru
  9943 | D:11     | Found a hide-covered altar of Uskayaw.
 10058 | D:11     | 10058 ||| PLANNING LAIR
 10086 | Lair:1   | Entered Level 1 of the Lair of Beasts
 10175 | Lair:1   | 10175 ||| INVOKING Heroism.
 10197 | Lair:1   | HP: 19/77 [yak (5)]
 10197 | Lair:1   | HP: 6/77 [komodo dragon (13)]
 10198 | Lair:1   | 10198 ||| READING 7 scrolls of teleportation.
 10199 | Lair:1   | 10199 ||| DRINKING 3 potions of heal wounds.
 10231 | Lair:1   | 10231 ||| INVOKING Heroism.
 10238 | Lair:1   | Reached skill level 15 in Ranged Weapons
 10275 | Lair:1   | 10275 ||| INVOKING Heroism.
 10443 | Lair:1   | 10443 ||| INVOKING Heroism.
 10576 | Lair:1   | 10576 ||| INVOKING Heroism.
 10615 | Lair:1   | Reached skill level 9 in Invocations
 10632 | Lair:1   | 10632 ||| INVOKING Heroism.
 11326 | Lair:2   | Received a gift from Okawaru
 11326 | Lair:2   | Found the +12 glaive of Prune {freeze, Prune}
 11488 | Lair:2   | Reached XP level 13. HP: 82/82 MP: 20/20
 11540 | Lair:2   | 11540 ||| INVOKING Heroism.
 11573 | Lair:2   | Reached skill level 16 in Ranged Weapons
 11789 | Lair:2   | Found a staircase to the Shoals.
 11959 | Lair:2   | Found a hole to the Spider Nest.
 11960 | Lair:2   | 11960 ||| INVOKING Heroism.
 12324 | Lair:2   | 12324 ||| READING 5 scrolls of identify.
 12324 | Lair:2   | 12324 ||| IDENTIFYING purple potion
 12338 | Lair:3   | 12338 ||| INVOKING Heroism.
 12356 | Lair:3   | 12356 ||| READING scroll of brand weapon.
 12356 | Lair:3   | 12356 ||| BRANDING +2 orcbow of electrocution.
 12688 | Lair:3   | 12688 ||| INVOKING Heroism.
 12708 | Lair:3   | Identified the +5 battleaxe of the Shining Light {freeze,
                  | Stlth+} (Okawaru gifted it to you on level 3 of the Lair of
                  | Beasts)
 12708 | Lair:3   | Received a gift from Okawaru
 12922 | Lair:3   | 12922 ||| INVOKING Heroism.
 13028 | Lair:3   | 13028 ||| INVOKING Heroism.
 13156 | Lair:3   | Reached skill level 12 in Fighting
 13231 | Lair:3   | 13231 ||| INVOKING Heroism.
 13562 | Lair:3   | 13562 ||| READING 5 scrolls of identify.
 13562 | Lair:3   | 13562 ||| IDENTIFYING fizzy orange potion
 13563 | Lair:3   | 13563 ||| DROPPING potion of brilliance.
 13639 | Lair:4   | 13639 ||| INVOKING Heroism.
 13650 | Lair:4   | Reached skill level 6 in Dodging
 13690 | Lair:4   | 13690 ||| INVOKING Heroism.
 13792 | Lair:4   | 13792 ||| INVOKING Heroism.
 13802 | Lair:4   | 13802 ||| Stepping ~*~*~tactically~*~*~ (outnumbered).
 13835 | Lair:4   | 13835 ||| INVOKING Heroism.
 14126 | Lair:4   | 14126 ||| INVOKING Heroism.
 14252 | Lair:4   | 14252 ||| INVOKING Heroism.
 14254 | Lair:4   | Gained mutation: Your large and strong wings let you fly.
                  | [Gargoyle growth]
 14254 | Lair:4   | Reached XP level 14. HP: 85/94 MP: 18/21
 14259 | Lair:4   | Received a gift from Okawaru
 14345 | Lair:4   | 14345 ||| INVOKING Heroism.
 14395 | Lair:4   | 14395 ||| INVOKING Heroism.
 14743 | Lair:4   | 14743 ||| DROPPING +2 leather armour of Hide-and-Seek
                  | {-Tele Fly rPois}.
 14758 | Lair:5   | Entered Level 5 of the Lair of Beasts
 14773 | Lair:5   | 14773 ||| INVOKING Heroism.
 14787 | Lair:5   | Reached skill level 9 in Armour
 14932 | Lair:5   | 14932 ||| READING scroll of enchant weapon.
 14932 | Lair:5   | 14932 ||| ENCHANTING +2 orcbow of chaos.
 14937 | Lair:5   | 14937 ||| INVOKING Heroism.
 14996 | Lair:5   | 14996 ||| INVOKING Heroism.
 14996 | Lair:5   | HP: 11/94 [death yak (16)]
 14997 | Lair:5   | 14997 ||| READING 9 scrolls of teleportation.
 14998 | Lair:5   | 14998 ||| DRINKING 3 potions of heal wounds.
 14999 | Lair:5   | 14999 ||| DRINKING 2 potions of heal wounds.
 15021 | Lair:5   | HP: 16/95 [death yak (9)]
 15022 | Lair:5   | 15022 ||| READING 8 scrolls of teleportation.
 15022 | Lair:5   | HP: 4/95 [death yak (9)]
 15023 | Lair:5   | 15023 ||| DRINKING potion of heal wounds.
 15027 | Lair:5   | 15027 ||| READING 7 scrolls of teleportation.
 15033 | Lair:5   | 15033 ||| READING 6 scrolls of teleportation.
 15037 | Lair:5   | 15037 ||| FLEEEEING.
 15038 | Lair:5   | 15038 ||| FLEEEEING.
 15039 | Lair:5   | 15039 ||| READING 5 scrolls of teleportation.
 15045 | Lair:5   | 15045 ||| FLEEEEING.
 15046 | Lair:5   | 15046 ||| STAIRDANCE
 15268 | Lair:4   | 15268 ||| UPGRADING to amulet of regeneration.
 15278 | Lair:4   | 15278 ||| DROPPING amulet of the acrobat.
 15281 | Lair:5   | 15281 ||| INVOKING Heroism.
 15360 | Lair:5   | 15360 ||| INVOKING Heroism.
 15381 | Lair:5   | HP: 19/96 [death yak (9)]
 15382 | Lair:5   | 15382 ||| READING 4 scrolls of teleportation.
 15382 | Lair:5   | HP: 4/96 [death yak (7)]
 15388 | Lair:5   | 15388 ||| READING 3 scrolls of teleportation.
 15393 | Lair:5   | 15393 ||| READING 2 scrolls of teleportation.
 15401 | Lair:5   | 15401 ||| READING scroll of teleportation.
 15402 | Lair:5   | Received a gift from Okawaru
 15553 | Lair:5   | 15553 ||| INVOKING Heroism.
 15582 | Lair:5   | Reached skill level 15 in Fighting
 15583 | Lair:5   | HP: 17/98 [cane toad (12)]
 15583 | Lair:5   | HP: 7/98 [death yak (10)]
 15591 | Lair:5   | Slain by a death yak

Levels and vault maps discovered:
D:1:      wander_arrival_abandoned_jail, layout_basic
D:2:      layout_loops_cross, uniq_jessica
D:3:      layout_loops_ring, tso_oasis_becter, grunt_decor_arrowhead,
          serial_bayou_pond_b, small_statue_intersection, uniq_grinder
D:4:      layout_cave_pods, mainiacjoe_overflow_paths,
          mainiacjoe_overflow_cross_hatched, makhleb_heckhound_becter,
          minmay_temple_entry_antechambers, uniq_ijyb
D:5:      layout_basic, kennysheep_mini_moat, kennysheep_vampire_church,
          serial_shops, shop, uniq_pikel, uniq_eustachio, uniq_edmund
D:6:      layout_basic, portal_sewer_entry_a, gammafunk_ghost_abyssal_escape,
          uniq_menkaure, uniq_duvessa
D:7:      layout_loops_ring, enter_bailey_3
D:8:      layout_loops_cross, mainiacjoe_overflow_tiny_flanked
D:9:      layout_roguey, zin_treasury, yredelemnul_altar_generic,
          mainiacjoe_overflow_concentric_impassable, serial_bayou_pond_a,
          nrook_mini_backslash, minmay_misc_feat_chi, uniq_erolcha
D:10:     layout_loops_corners, serial_shops, nicolae_diamond_shop,
          uniq_maurice, uniq_sonja
D:11:     wad_woods_tower, layout_irregular_city, erik_lair_orcish_takeover,
          zombieorc2_lemuel, nicolae_uskayaw_suspiria
Temple:   nicolae_temple_x_marks_the_god
Lair:1:   layout_gridlike, chequers_serial_rivers_micro_a, beast_lair_carwin_8,
          grunt_megastairs_2, lemuel_fruit_tree
Lair:2:   layout_long_grid, minmay_shoals_entry_hut,
          hellmonk_spider_entry_not_the_bees, minmay_holes
Lair:3:   layout_cave_pods
Lair:4:   layout_misc_corridors, beast_lair_carwin_6, grunt_megastairs_4
Lair:5:   hellmonk_lair_end_abyssal_woods, layout_regular_city, slime_entry_2,
          infiniplex_staircase_pool, serial_bayou_shore_a, uniq_nessos

Skill      XL: |  1  2  3  4  5  6  7  8  9 10 11 12 13 14 |
---------------+-------------------------------------------+-----
Ranged Weapons | 5 6 8 10 11 13 14 15 16 | 16.0
Fighting       | 3 5 6 8 9 10 13 15 | 15.0
Armour         | 2 3 4 6 8 9 |  9.0
Dodging        | 2 3 4 5 6 7 |  7.1
Invocations    | 4 6 10 | 10.0
Stealth        | |  1.1

Action                     |  1- 3 |  4- 6 |  7- 9 | 10-12 | 13-15 || total
---------------------------+-------+-------+-------+-------+-------++-------
   Fire: Shortbow          |   118 |    77 |   389 |       |       ||   584
         Orcbow            |       |       |    15 |   840 |   819 ||  1674
 Invoke: Heroism           |       |       |       |    13 |    21 ||    34
    Use: Scroll            |     5 |     3 |    13 |     7 |    13 ||    41
         Potion            |       |       |     4 |     3 |     3 ||    10
 Armour: Leather armour    |    24 |     9 |     4 |       |       ||    37
         Ring mail         |       |       |    78 |    11 |       ||    89
         Acid dragon scale |       |       |       |   160 |   220 ||   380
  Dodge: Dodged            |    39 |    22 |    98 |   340 |   596 ||  1095

Table legend:
 A = Non-vault XP
 B = Vault XP
 C = Vault XP percentage of total XP
 D = Non-vault monster count
 E = Vault monster count
 F = Vault count percentage of total count
                 A         B        C        D         E       F
            +---------+---------+-------+---------+---------+-------
      Total |   58645 |   16605 |  22.1 |     317 |     148 |  31.8
            +---------+---------+-------+---------+---------+-------
        D:1 |      20 |       0 |   0.0 |      12 |       0 |   0.0
        D:2 |      53 |      37 |  41.1 |      25 |       1 |   3.8
        D:3 |     215 |     374 |  63.5 |      25 |       8 |  24.2
        D:4 |     394 |      43 |   9.8 |      14 |       1 |   6.7
        D:5 |     394 |    1136 |  74.2 |       9 |       9 |  50.0
        D:6 |     662 |     386 |  36.8 |       8 |       5 |  38.5
        D:7 |    1357 |       8 |   0.6 |      20 |       4 |  16.7
        D:8 |     683 |       0 |   0.0 |       9 |       0 |   0.0
        D:9 |    2650 |     878 |  24.9 |      28 |       1 |   3.4
       D:10 |    2282 |    1285 |  36.0 |      13 |       2 |  13.3
       D:11 |    5239 |    3780 |  41.9 |      19 |      50 |  72.5
     Lair:1 |    5614 |    2253 |  28.6 |      24 |      14 |  36.8
     Lair:2 |    4872 |     822 |  14.4 |      20 |       6 |  23.1
     Lair:3 |    9721 |       0 |   0.0 |      32 |       0 |   0.0
     Lair:4 |   10273 |    3112 |  23.2 |      28 |      10 |  26.3
     Lair:5 |   14216 |    2167 |  13.2 |      31 |       9 |  22.5
      Sewer |       0 |     324 | 100.0 |       0 |      28 | 100.0
            +---------+---------+-------+---------+---------+-------
